 Dungeon Crawl Stone Soup version 0.28.0-43-g3370ac3207 (webtiles) character file.

Game seed: 13170681231936194300

47 Araneus the Insei (level 3, -3/29 HPs)
             Began as a Demonspawn Monk on Mar 12, 2022.
             Killed from afar by a white imp (6 damage)
             ... with a puff of frost
             ... summoned by Natasha
             ... on level 2 of the Dungeon.
             The game lasted 00:05:43 (1630 turns).

Araneus the Insei (Demonspawn Monk)                 Turns: 1630, Time: 00:05:44

Health: -3/29      AC:  4    Str: 13    XL:     3   Next: 48%
Magic:  3/3        EV: 12    Int: 11    God:
Gold:   134        SH:  0    Dex: 15    Spells: 2/2 levels left

rFire   . . .      SeeInvis .     - Unarmed
rCold   . . .      Faith    .   (no shield)
rNeg    . . .      Spirit   .   a - +0 robe
rPois   .          Reflect  .   (no helmet)
rElec   .          Harm     .   (no cloak)
rCorr   .          Rampage  .   (no gloves)
Will    .....                   (no boots)
Stlth   ++........              (no amulet)
HPRegen 0.09/turn               (no ring)
MPRegen 0.08/turn               (no ring)

@: slowed, very slow
A: slimy green scales 1, powered by death 1
a: no special abilities


You were on level 2 of the Dungeon.
You visited 1 branch of the dungeon, and saw 2 of its levels.

You collected 134 gold pieces.

Inventory:

Armour
 a - a +0 robe (worn)
Jewellery
 c - an amulet of the acrobat


   Skills:
 - Level 3.0 Fighting
 - Level 2.6 Dodging
 - Level 1.7 Stealth
 + Level 4.1 Unarmed Combat


You had 2 spell levels left.
You didn't know any spells.
Your spell library contained the following spells:

 Spells                   Type           Power      Damage    Failure   Level
 Sublimation of Blood     Necr           0%         N/A       47%         2
 Wereblood                Tmut           0%         N/A       47%         2
 Summon Hydra             Summ           0%         N/A       100%        7


Dungeon Overview and Level Annotations

Branches:
Dungeon (2/15)

Altars:

Shops:
D:1 :   D:2 [

Annotations:
D:2 Natasha, Terence


Innate Abilities, Weirdness & Mutations

You are partially covered in slimy green scales. (AC +2)
You regenerate a little health from kills.


Message History

The white imp hits you but does no damage.
Natasha claws you but does no damage.
You closely miss Natasha. Your punch misses Natasha.
Natasha is lightly wounded.
The white imp closely misses you. Natasha claws you.
You hit Natasha but do no damage.
Natasha is lightly wounded.
The white imp hits you. The white imp freezes you.
Natasha casts a spell at you.
You feel yourself slow down.
You closely miss Natasha.
Natasha is lightly wounded.
The white imp hits you but does no damage.
Natasha stares at you and mumbles some strange words.
The magic dart hits you. The white imp hits you. The white imp freezes you.
You closely miss Natasha. Your punch misses Natasha.
Natasha is lightly wounded.
Natasha barely misses you. The white imp barely misses you.
Natasha extends her claws.
Natasha claws you.
* * * LOW HITPOINT WARNING * * *
You closely miss Natasha.
Natasha is lightly wounded.
The white imp barely misses you.
Natasha stares at you and mumbles some strange words.
You feel as though you will be slow longer.
The white imp barely misses you.
You hit Natasha.
Natasha is moderately wounded.
Natasha claws you but does no damage. The white imp closely misses you.
Natasha claws you.
* * * LOW HITPOINT WARNING * * *
You aren't carrying any potions.
You aren't carrying any potions.
As you read the scroll labelled BIGENT MUMAUPP, it crumbles to dust.
The creatures around you are filled with an inner flame!
It was a scroll of immolation.
The white imp gestures at you. The puff of frost hits you.
You die...

......
..###.
.....
...#..
.....
#.#.#.#
.... .#
#.#.#.#
.... ...
#.#.#.#
P..#.#.#<#
#......#
#..5...#
#..#@..#
#. #h#.#
#. ....# #
.#..##
≈....# .P
...#
....#.##
..# #.#


You could see Natasha (inner flame) and a white imp (summoned, inner flame).

Vanquished Creatures
  An adder (D:2)
  A dart slug (D:1)
  2 ball pythons (D:1)
  2 endoplasms
  A giant cockroach (D:1)
  7 goblins
  3 hobgoblins (D:1)
  3 jackals (D:2)
  4 kobolds (D:1)
  4 bats (D:1)
  2 frilled lizards
  4 rats
34 creatures vanquished.

Vanquished Creatures (others)
  10 plants (D:2)
10 creatures vanquished.

Grand Total: 44 creatures vanquished

Notes
Turn   | Place    | Note
-------+----------+-------------------------------------------
     0 | D:1      | Araneus the Demonspawn Monk began the quest for the Orb.
     0 | D:1      | Reached XP level 1. HP: 18/18 MP: 1/1
    99 | D:1      | Reached skill level 3 in Unarmed Combat
   361 | D:1      | Gained mutation: You regenerate a little health from kills.
                  | [demonic ancestry]
   361 | D:1      | Reached XP level 2. HP: 14/24 MP: 2/2
   826 | D:1      | Found Vugedekk's Book Shoppe.
  1137 | D:1      | Gained mutation: You are partially covered in slimy green
                  | scales. (AC +2) [demonic ancestry]
  1137 | D:1      | Reached XP level 3. HP: 19/29 MP: 3/3
  1273 | D:2      | Noticed Natasha
  1301 | D:2      | Noticed Terence
  1335 | D:2      | Reached skill level 4 in Unarmed Combat
  1423 | D:2      | Found Quusicyif's Antique Armour Shop.
  1630 | D:2      | Killed from afar by a white imp

Illustrated notes

Levels and vault maps discovered:
D:1:      lightli_arrival_noodles, layout_loops_cross, serial_shops, shop_coins
D:2:      layout_rooms, serial_shops, nicolae_shop_stone,
          shapermc_ecumenical_altar_mp_ritualfount, uniq_natasha, uniq_terence

Skill      XL: |  1  2  3 |
---------------+----------+-----
Unarmed Combat | 3 4 |  4.1
Fighting       | |  3.0
Dodging        | |  2.6
Stealth        | |  1.7

Action                   || total
-------------------------++-------
Melee: Unarmed           ||   128
       Punch             ||     7
  Use: Scroll            ||     3
 Stab: Sleeping          ||     2
Armor: Robe              ||    23
Dodge: Dodged            ||    89
